 Dungeon Crawl Stone Soup version 0.17.1-3-g152610e (webtiles) character file.

15659 Jerry the Protected (level 12, -4/64 HPs)
             Began as a Gargoyle Fighter on Apr 1, 2016.
             Was a High Priest of Okawaru.
             Slain by a very large slime creature (40 damage)
             ... on level 12 of the Dungeon.
             The game lasted 01:17:44 (11946 turns).

Jerry the Protected (Gargoyle Fighter)             Turns: 11946, Time: 01:17:45

Health: -4/64      AC: 30    Str: 31    XL:     12   Next: 29%
Magic:  15/15      EV: 12    Int: 11    God:    Okawaru [*****.]
Gold:   571        SH: 15    Dex:  9    Spells: 1 memorised, 6 levels left

rFire  . . .     SeeInvis +     M - +3 mace (protect)
rCold  . . .     Clarity  +     b - +0 scale mail
rNeg   + . .     SustAt   .     c - +0 shield
rPois  ∞         Gourm    .     Y - +1 hat
rElec  +         Spirit   .     (no cloak)
rCorr  .         Warding  .     S - +1 pair of gloves {Str+3}
rMut   .         Stasis   .     C - +0 pair of boots
MR     +....                    v - amulet of clarity
Stlth  +.........               T - ring of protection from magic
                                l - ring of see invisible

@: mighty, heroism, somewhat resistant to hostile enchantments, very unstealthy
A: negative energy resistance 1, electricity resistance, unbreathing,
petrification resistance, rot immunity, AC +8
a: Heroism, Finesse, Renounce Religion


You were on level 12 of the Dungeon.
You worshipped Okawaru.
Okawaru was extremely pleased with you.
You were not hungry.

You visited 1 branch of the dungeon, and saw 12 of its levels.
You also visited: Bailey.

You collected 785 gold pieces.
You spent 214 gold pieces at shops.

Inventory:

Hand Weapons
 E - a +2 whip of flaming
 M - a +3 mace of protection (weapon)
Missiles
 d - 19 tomahawks of returning (quivered)
Armour
 b - a +0 scale mail (worn)
 c - a +0 shield (worn)
 C - a +0 pair of boots (worn)
 S - a +1 pair of gloves of strength (worn)
 Y - a +1 hat (worn)
Jewellery
 l - a ring of see invisible (left hand)
 p - an uncursed ring of positive energy
 v - an amulet of clarity (around neck)
 L - an uncursed ring of stealth
 N - an uncursed ring of flight
 P - an uncursed ring of wizardry
 T - a ring of protection from magic (right hand)
 V - an uncursed ring of wizardry
Wands
 t - a wand of random effects (28)
 u - a wand of disintegration (13)
 F - a wand of teleportation (9)
 O - a wand of lightning (7)
 U - a wand of draining (5)
Scrolls
 f - 3 scrolls of identify
 i - 9 scrolls of remove curse
 n - 2 scrolls of recharging
 o - a scroll of enchant armour
 w - a scroll of blinking
 y - 2 scrolls of magic mapping
 J - a scroll of fear
 Q - 3 scrolls of teleportation
Potions
 g - 7 potions of curing
 m - a potion of heal wounds
 q - 3 potions of flight
 r - a potion of might
 s - a potion of haste
 x - a potion of magic
 z - 2 potions of mutation
 A - 3 potions of brilliance
 I - 2 potions of resistance
Books
 B - a book of the Warp

   Spells                             Type                      Level
   a - Recall                         Summoning/Translocation      3
   b - Gell's Gravitas                Hexes/Translocation          3
   c - Force Lance                    Conjuration/Translocation    4
   d - Phase Shift                    Translocation                5
   e - Warp Weapon                    Charms/Translocation         5
   f - Summon Forest                  Summoning/Translocation      5
Miscellaneous
 X - a legendary deck of changes {drawn: 1}
Comestibles
 e - 7 bread rations
 h - 2 beef jerkies
 j - 8 slices of pizza
 k - 21 fruits
 D - 3 meat rations


   Skills:
 - Level 3.2(8.2) Fighting
 + Level 11.2(16.2) Maces & Flails
 + Level 12.4(17.4) Armour
 + Level 12.2(17.2) Shields
 + Level 4.4 Invocations


You had 6 spell levels left.
You knew the following spells:

 Your Spells              Type           Power        Failure   Level  Hunger
a - Warp Weapon           Chrm/Tloc      #.........   100%        5    ######.


Dungeon Overview and Level Annotations

Branches:
Dungeon (12/15)            Temple (0/1) D:4            Lair (0/8) D:8
    Orc (0/4) D:10

Altars:
Cheibriados
Dithmenos
Elyvilon
Fedhas
Gozag
Kikubaaqudgha
Makhleb
Okawaru
Qazlal
Ru
Vehumet
Xom
Zin

Shops:
D:10 [


Innate Abilities, Weirdness & Mutations

You are resistant to torment.
Your stone body is resilient (AC +8).
You are immune to poison.
You resist negative energy.
You are resistant to electric shocks.
You can survive without breathing.
You are immune to petrification.
You are immune to rotting.


Message History

You sock the slime creature!
The slime creature is moderately wounded.
The slime creature hits you but does no damage.
You hit the slime creature.
The slime creature is moderately wounded.
You hit the slime creature.
The slime creature is heavily wounded.
The slime creature hits you but does no damage.
Two slime creatures merge to form a large slime creature.
Drink which item? (? for menu, Esc to quit)
You feel very mighty all of a sudden.
Two slime creatures merge to form a very large slime creature.
You thump the very large slime creature!
The very large slime creature is lightly wounded.
The very large slime creature hits you!!
You bludgeon the very large slime creature!!
The very large slime creature is moderately wounded.
The very large slime creature hits you!!!
Ouch! That really hurt!
You die...

##.# ##...#...##..
##..## #..###.####..
#....###.####.#.....
#....##..###....####
#....#..#.......# #
#....#....##....# #.
#.......####....###.
#....#.## #....##..
#..@.#.# #....#..#
#..J...# #.....>).
##....## #....##..
##.### .......> #.#
........ #.# ...#...
#.......)....# #...
#.....######## #...
#.$..# #...


You could see a very large slime creature.

Vanquished Creatures
  3 hydras
  2 hill giants
  Pikel (D:5)
  The ghost of Gargoyl the Covered, a novice DsAK of Lugonu (D:7)
  An ugly thing (D:11)
  The ghost of Fv001 the Shield-Bearer, a novice FoFi of Okawaru (D:4)
  2 kobold demonologists (D:11)
  2 two-headed ogres
  A wraith (D:11)
  A wyvern (D:12)
  9 orc warriors
  3 hungry ghosts
  18 yaks
  A deep elf fighter (D:8)
  Menkaure (D:7)
  An ice beast (D:8)
  6 sky beasts
  A water moccasin (D:11)
  2 black bears
  3 ogres
  A necrophage (D:8)
  3 centaurs
  4 phantoms
  A crocodile (D:8)
  4 big kobolds
  2 wyvern skeletons
  A wyvern zombie (D:11)
  4 giant frogs
  3 scorpions
  7 killer bees
  A quasit (D:10)
  A giant frog zombie (D:7)
  9 orc priests
  6 crimson imps
  An iron imp (D:7)
  A jelly (D:12)
  3 centaur skeletons
  2 hounds
  A giant frog skeleton (D:5)
  2 iguanas
  9 orc wizards
  Terence (D:3)
  6 worker ants
  2 sheep (D:10)
  2 worker ant zombies
  2 hound skeletons
  11 adders
  8 gnolls
  3 river rats (D:8)
  6 shadow imps
  3 oozes
  An adder skeleton (D:4)
  2 worms (D:2)
  2 giant geckos
  37 orcs
  2 ball pythons (D:1)
  6 giant cockroaches
  10 hobgoblins
  6 jackals
  6 quokkas
  12 bats
  3 giant gecko skeletons
  A giant gecko zombie (D:6)
  4 giant newts
  7 goblins
  22 kobolds
  2 quokka zombies
  23 rats
316 creatures vanquished.

Vanquished Creatures (others)
  The ghost of jesusflecha the Destroyer, a novice DrCj of Sif Muna (D:10)
  A slave (D:5)
  A hound (D:5)
  A giant gecko (D:5)
  A ball python (D:5)
  A giant newt (D:5)
  2 fulminant prisms (D:10)
  2 fungi (D:8)
  2 plants
12 creatures vanquished.

Grand Total: 328 creatures vanquished

Notes
Turn   | Place    | Note
--------------------------------------------------------------
     0 | D:1      | Jerry the Gargoyle Fighter began the quest for the Orb.
     0 | D:1      | Reached XP level 1. HP: 14/14 MP: 1/1
   216 | D:1      | Reached XP level 2. HP: 16/19 MP: 2/2
   638 | D:1      | Reached XP level 3. HP: 23/23 MP: 3/3
   808 | D:2      | Found a burning altar of Makhleb.
   816 | D:2      | Found a shimmering altar of Xom.
   816 | D:2      | Found an iron altar of Okawaru.
   823 | D:2      | Became a worshipper of Warmaster Okawaru
   854 | D:2      | Found a sacrificial altar of Ru.
  1520 | D:2      | Reached skill level 4 in Armour
  1731 | D:3      | Reached XP level 4. HP: 24/28 MP: 4/4
  1962 | D:3      | Noticed a sky beast
  1963 | D:3      | Reached XP level 5. HP: 28/32 MP: 5/5
  2018 | D:3      | Killed a sky beast
  2018 | D:3      | Reached skill level 5 in Armour
  2212 | D:3      | Reached XP level 6. HP: 37/37 MP: 6/6
  2225 | D:3      | Noticed Terence
  2237 | D:3      | Killed Terence
  2237 | D:3      | Reached * piety under Okawaru
  2351 | D:3      | Found an opulent altar of Gozag.
  2606 | D:4      | Reached skill level 5 in Shields
  2678 | D:4      | Found a white marble altar of Elyvilon.
  2749 | D:4      | Found a white marble altar of Elyvilon.
  2855 | D:4      | Found a stormy altar of Qazlal.
  3007 | D:4      | Learned a level 5 spell: Warp Weapon
  3033 | D:4      | Noticed Fv001's ghost (novice FoFi)
  3054 | D:4      | Killed Fv001's ghost
  3054 | D:4      | Reached ** piety under Okawaru
  3054 | D:4      | Reached skill level 5 in Maces & Flails
  3054 | D:4      | Reached skill level 6 in Armour
  3054 | D:4      | Reached XP level 7. HP: 38/41 MP: 5/7
  3137 | D:4      | Found a staircase to the Ecumenical Temple.
  3295 | D:5      | Entered Level 5 of the Dungeon
  3346 | D:5      | Reached skill level 1 in Invocations
  3422 | D:5      | Found an iron altar of Okawaru.
  3453 | D:5      | Noticed Pikel
  3472 | D:5      | Killed Pikel
  3472 | D:5      | Reached *** piety under Okawaru
  3472 | D:5      | Reached skill level 7 in Armour
  3472 | D:5      | Reached XP level 8. HP: 31/46 MP: 6/10
  4269 | D:6      | Found a shadowy altar of Dithmenos.
  4404 | D:6      | Reached XP level 9. HP: 42/51 MP: 11/11
  4596 | D:6      | Found a blossoming altar of Fedhas.
  4598 | D:6      | Found an ancient bone altar of Kikubaaqudgha.
  4696 | D:6      | Found a radiant altar of Vehumet.
  5186 | D:7      | Reached skill level 8 in Shields
  5259 | D:7      | Noticed Menkaure
  5261 | D:7      | Received a gift from Okawaru
  5269 | D:7      | Killed Menkaure
  5403 | D:7      | Found a snail-covered altar of Cheibriados.
  5580 | D:7      | Found a glowing silver altar of Zin.
  5825 | D:7      | Noticed Gargoyl's ghost (novice DsAK)
  5855 | D:7      | Killed Gargoyl's ghost
  5855 | D:7      | Reached **** piety under Okawaru
  5942 | D:7      | Reached skill level 9 in Armour
  6101 | D:8      | Reached XP level 10. HP: 56/56 MP: 9/12
  6503 | D:8      | Received a gift from Okawaru
  7308 | D:8      | Found a staircase to the Lair.
  7393 | D:9      | Reached skill level 10 in Armour
  7547 | D:9      | Reached skill level 10 in Shields
  8707 | D:9      | Reached XP level 11. HP: 51/60 MP: 10/13
  8728 | D:10     | Entered Level 10 of the Dungeon
  8764 | D:10     | Found a staircase to the Orcish Mines.
  8828 | D:10     | Noticed jesusflecha's ghost (novice DrCj)
  8871 | D:10     | Killed jesusflecha's ghost
  8969 | D:10     | Found Qiaxusaf's Armour Shoppe.
  8987 | D:10     | Bought a +1 pair of gloves of strength for 214 gold pieces
  9173 | D:10     | Noticed a hill giant
  9181 | D:10     | Killed a hill giant
  9181 | D:10     | Reached skill level 11 in Armour
  9543 | D:10     | Noticed a three-headed hydra
  9555 | D:10     | Killed a three-headed hydra
  9555 | D:10     | Reached skill level 10 in Maces & Flails
  9773 | D:11     | Noticed a hill giant
 10053 | D:11     | Killed a hill giant
 10447 | D:11     | Reached ***** piety under Okawaru
 10471 | D:11     | Reached skill level 12 in Armour
 10691 | D:11     | Noticed a five-headed hydra
 10698 | D:11     | Killed a five-headed hydra
 10698 | D:11     | Reached XP level 12. HP: 48/64 MP: 11/14
 10880 | D:11     | Received a gift from Okawaru
 11279 | D:12     | Found a flagged portal.
 11288 | D:12     | Noticed a five-headed hydra
 11307 | D:12     | Killed a five-headed hydra
 11413 | Bailey   | Entered a bailey
 11455 | Bailey   | Noticed an orc warlord
 11634 | Bailey   | Found a runed gate.
 11634 | Bailey   | Found a runed gate.
 11642 | Bailey   | Found a runed gate.
 11946 | D:12     | Slain by a very large slime creature

Action                   |  1- 3 |  4- 6 |  7- 9 | 10-12 || total
-------------------------+-------+-------+-------+-------++-------
Melee: Flail             |   140 |   170 |       |       ||   310
       Mace              |       |    53 |    71 |   553 ||   677
       Whip              |       |       |   425 |   588 ||  1013
Throw: Javelin           |       |       |    11 |    19 ||    30
       Tomahawk          |       |       |       |    39 ||    39
Invok: Heroism           |       |     1 |     9 |    27 ||    37
Evoke: Wand              |       |       |       |     1 ||     1
       Deck              |       |       |       |     1 ||     1
  Use: Potion            |       |     1 |     2 |     7 ||    10
       Scroll            |       |       |    12 |    10 ||    22
  Eat: Chunk             |     2 |     6 |    11 |    27 ||    46
